Map: Kairos Junction LE

Players

Methodape - Winner!

  • Race: Terran Terran
  • League: Master
  • Spawn Location: 11:00

VenokDoc

  • Race: Terran Terran
  • League: Master
  • Spawn Location: 5:00

VOD

Have the link to the VOD?

Description

Time

  • Played on: March 7, 2019, 3:05 p.m.
  • Length: 7:24
Show
View Real Time Build Order
Export as new Build Order

Methodape Terran - Winner!

Build Orders:  

Get SALT Encoding   

  12  0:01  SCV  
  13  0:13  SCV  
  14  0:17  Supply Depot  
  14  0:25  SCV  
  15  0:30  Refinery  
  15  0:38  SCV  
  16  0:45  Barracks  
  16  0:51  SCV  
  17  0:59  Refinery  
  17  1:03  SCV  
  18  1:15  SCV  
  19  1:32  Reaper  
  20  1:35  Orbital Command  
  20  1:38  Factory  
  20  2:00  Supply Depot  
  20  2:01  SCV  
  21  2:04  Reaper  
  21  2:16  SCV  
  22  2:30  Command Center  
  22  2:34  Hellion  
  24  2:40  SCV  
  24  2:43  Barracks Tech Lab  
  25  2:52  SCV  
  26  3:00  Starport  
  26  3:08  SCV  
  26  3:10  Cyclone  
  30  3:21  SCV  
  30  3:24  Barracks Tech Lab  
  30  3:53  Siege Tank  
  30  4:12  Raven  
  30  4:14  SCV  
  30  4:15  Orbital Command  
  30  4:18  Command Center  
  30  4:21  Engineering Bay  
  30  4:22  Barracks Reactor  
  30  4:26  SCV  
  30  4:39  Cyclone  
  30  4:43  SCV  
  30  4:49  Missile Turret  
  26  4:52  SCV  
  24  5:06  Viking  
  23  5:07  SCV  
  23  5:10  SCV  
  24  5:19  SCV  
  25  5:22  SCV  
  23  5:44  Viking  
  23  5:45  Siege Tank  
  23  6:04  SCV  
  23  6:07  SCV  
  25  6:12  Supply Depot  
  25  6:16  SCV  
Show
View Real Time Build Order
Export as new Build Order

VenokDoc Terran 

Build Orders: 1/1/1, Cyclone Opening 

Get SALT Encoding   

  12  0:00  SCV  
  13  0:12  SCV  
  14  0:17  Supply Depot  
  14  0:24  SCV  
  14  0:27  Refinery  
  15  0:38  SCV  
  16  0:45  Barracks  
  16  0:50  SCV  
  16  0:55  Refinery  
  17  1:02  SCV  
  18  1:14  SCV  
  19  1:32  Reaper, Orbital Command  
  20  1:37  Factory  
  20  1:46  Supply Depot  
  20  1:58  SCV  
  21  2:05  Barracks Tech Lab  
  21  2:10  SCV  
  22  2:21  Starport  
  22  2:22  SCV  
  23  2:29  Cyclone  
  26  2:33  Mag-Field Accelerator  
  26  2:35  Supply Depot  
  26  2:39  SCV  
  27  2:53  SCV  
  28  2:59  Starport Tech Lab  
  28  3:03  Cyclone  
  31  3:09  Supply Depot  
  31  3:18  Banshee  
  34  3:37  Cloaking Field  
  34  3:52  Cyclone  
  36  4:05  SCV  
  36  4:08  Command Center  
  34  4:14  Banshee  
  35  4:17  SCV  
  35  4:18  Command Center  
  35  4:33  Cyclone  
  35  4:36  SCV  
  39  4:48  SCV  
  40  4:53  Supply Depot  
  40  5:00  SCV  
  40  5:05  Cyclone  
  44  5:09  Banshee  
  44  5:12  SCV  
  42  5:24  SCV, Command Center  
  43  5:36  SCV  
  43  5:39  Cyclone  
  43  5:41  Marine  
  48  5:42  Orbital Command  
  48  5:48  SCV  
  49  6:00  SCV  
  49  6:01  Marine  
  48  6:07  Banshee  
  48  6:10  Command Center  
  50  6:12  SCV  
  50  6:14  Cyclone  
  53  6:30  SCV  
  54  6:46  Cyclone  
  60  7:18  Command Center  
  60  7:19  Command Center  
Tags
 
Add a new tag
Caveats
  • Supply blocks, unpowered buildings, or Contaminate may cause inaccurate times.
  • Supply counts are checked every 10 seconds.